Blue Jackets vs Canadiens (R2)

Created - 16 décembre 2012 at 19:01

Goals
1 2 3 OT1 T
Blue Jackets 0 2 0 1 3
Canadiens 0 0 2 0 2
Shots
1 2 3 OT1 T
Blue Jackets 3 14 8 4 29
Canadiens 3 2 14 1 20

1st period

No Goal

Penalties :
Shaone Morrisonn (Clb) for Slashing (Minor) at 1:33, Greg Campbell (Clb) for Slashing (Minor) at 7:55, David Booth (Clb) for Slashing (Minor) at 17:08

2nd period

1. Blue Jackets , Glen Murray 4 (Vincent Lecavalier, Kevin Bieksa) at 4:22
2. Blue Jackets , Glen Murray 5 (Vincent Lecavalier, David Booth) at 4:52

Penalties :
Patrick Eaves (Mon) for Roughing (Minor) at 0:59, Patrick Eaves (Mon) for Roughing (Double Minor) at 5:57, Drew Fata (Clb) for Roughing (Minor) at 12:24, Robert Nilsson (Mon) for Hooking (Minor) at 17:48

3rd period

3. Canadiens , Michel Ouellet 2 (Tyler Arnason) at 5:17
4. Canadiens , Patrick Eaves 3 (Tomas Holmstrom) at 11:19

Penalties :
Tomas Holmstrom (Mon) for Hooking (Minor) at 1:01, Duncan Keith (Mon) for Hooking (Minor) at 5:44, Marek Svatos (Mon) for Roughing (Minor) at 11:24, Jason Ward (Clb) for Hooking (Minor) at 11:24, Michael Frolik (Clb) for Roughing (Minor) at 19:33

Overtime #1

5. Blue Jackets , Glen Murray 6 (Vincent Lecavalier) at 2:03

Penalties :
No Penalty

Goalie Stats

Brent Johnson (Clb), 18 saves from 20 shots - (0,900), W, 5-2-0, 62:03 minutes
Kari Lehtonen (Mon), 26 saves from 29 shots - (0,897), OTL, 5-4-1, 62:03 minutes

Players Stats for Blue Jackets

Player Name              G  A  P  +/- PIM S  H  SB GA TA FO     MP     PP MP  PK MP  
------------------------------------------------------------------------------------
Andrew Ebbett            0  0  0   0  0   2  1  1  0  0  4/6    12:44   1:25   0:53 
Brad Stuart              0  0  0  -1  0   0  1  3  0  0  0/0    22:31   5:45   4:38 
David Booth              0  1  1   1  2   0  1  0  0  0  1/2    19:11   5:28   2:27 
Daymond Langkow          0  0  0  -1  0   5  3  1  0  0  7/15   20:17   4:58   2:18 
Derek Morris             0  0  0   2  0   1  1  0  2  1  0/0    29:26   6:07   5:07 
Drew Fata                0  0  0  -1  2   0  0  2  0  0  0/0    21:35   5:45   3:30 
Glen Murray              3  0  3   2  0   9  1  0  0  0  1/1    22:52   5:28   4:42 
Greg Campbell            0  0  0   0  2   0  0  0  0  0  0/0     6:53   1:24   0:00 
Jason Ward               0  0  0  -1  2   1  2  0  0  1  0/2    16:49   4:58   0:00 
Jay Harrison             0  0  0   0  0   0  0  0  0  0  0/0    10:07   0:03   0:26 
Justin Williams          0  0  0   0  0   2  0  0  0  0  1/1    10:21   0:50   0:00 
Kevin Bieksa             0  1  1   2  0   2  2  1  1  1  0/0    28:02   6:07   5:10 
Kristian Huselius        0  0  0  -1  0   2  3  0  2  0  2/3    18:16   5:07   0:47 
Michael Frolik           0  0  0   0  2   0  0  0  0  0  0/0     5:27   0:28   0:00 
Nick Boynton             0  0  0   0  0   0  0  1  0  0  0/0     9:39   0:03   0:00 
Sergei Brylin            0  0  0   0  0   2  0  0  0  0  0/0    13:07   0:00   2:18 
Shaone Morrisonn         0  0  0   0  2   0  1  0  0  0  0/0     3:04   0:00   0:59 
Vincent Lecavalier       0  3  3   2  0   3  1  0  2  0  21/37  25:51   5:39   4:52 

Players Stats for Canadiens

Player Name              G  A  P  +/- PIM S  H  SB GA TA FO     MP     PP MP  PK MP  
------------------------------------------------------------------------------------
Alexei Yashin            0  0  0   0  0   2  1  0  0  0  1/3    13:28   0:00   4:21 
Donald Brashear          0  0  0  -3  0   0  3  0  0  0  1/2    25:13   4:02   5:55 
Duncan Keith             0  0  0  -1  2   1  4  3  0  1  0/0    27:51   4:19   4:48 
Eric Cairns              0  0  0  -1  0   2  1  0  0  0  0/0    22:54   3:59   5:28 
Éric Desjardins          0  0  0  -1  0   1  1  1  0  0  0/0    29:18   4:19   5:54 
Marek Svatos             0  0  0  -2  2   2  0  0  0  1  1/2    16:43   4:02   0:00 
Mark Stuart              0  0  0   1  0   0  0  0  0  0  0/0    11:54   0:04   2:14 
Michel Ouellet           1  0  1   1  0   1  0  0  0  1  0/0     5:58   0:18   0:00 
Patrick Eaves            1  0  1   1  6   1  2  1  0  0  0/0    14:55   4:02   0:00 
Richard Zednik           0  0  0   0  0   2  1  0  0  1  0/1     7:51   0:00   0:00 
Robert Nilsson           0  0  0  -3  2   0  2  0  0  1  18/36  24:21   4:02   5:04 
Ryan Bayda               0  0  0   1  0   0  2  0  0  0  1/1     8:19   0:00   2:54 
Ryane Clowe              0  0  0   0  0   0  0  1  0  0  0/0    11:15   0:18   1:44 
Shane O'Brien            0  0  0  -1  0   1  3  0  1  2  0/0    22:52   3:59   5:26 
Tomas Holmstrom          0  1  1   1  2   2  2  1  1  0  0/1    15:04   4:02   0:00 
Tomas Kloucek            0  0  0   1  0   0  0  1  0  0  0/0     9:18   0:04   0:00 
Tyler Arnason            0  1  1   1  0   1  2  0  0  0  1/2     8:11   0:18   0:59 
Viktor Kozlov            0  0  0   1  0   4  2  0  1  0  7/19   18:47   4:02   2:53 

3 Stars

1 - Glen Murray (Clb)
2 - Vincent Lecavalier (Clb)
3 - Kevin Bieksa (Clb)

Power Play

Blue Jackets - 0 on 6 Attempt(s) - 0,00%
Canadiens - 0 on 5 Attempt(s) - 0,00%

Penalty Kill

Blue Jackets - 5 on 5 Attempt(s) - 100,00% - Score 0 goal in Penalty Kill
Canadiens - 6 on 6 Attempt(s) - 100,00% - Score 0 goal in Penalty Kill

Official

Referees : McCreary Bill and Morton Dean
Linesman : Dan Schachte and Steve Miller

Game Notes

Glen Murray has scored a Hat Trick!

Finance

Level 1 -- Attendance: 6000 (100,00%) -- Ticket Income 540 000 $
Level 2 -- Attendance: 4645 (92,90%) -- Ticket Income 255 475 $
Level 3 -- Attendance: 1786 (89,30%) -- Ticket Income 53 580 $
Level 4 -- Attendance: 3983 (99,58%) -- Ticket Income 67 711 $
Luxury Box -- Attendance: 923 (92,30%) -- Ticket Income 166 140 $
Game was played at the Centre Bell
Total Attendance: 17337 (96,32%)
Total Ticket Income: 1 082 906 $
Total Income: 1 082 906 $

Blue Jackets

5 vs 5 Forward 
   Center                   Left Wing                Right Wing               Time % Phy DF OF 
 1 Vincent Lecavalier       David Booth              Glen Murray              40     1   2  2  
 2 Daymond Langkow          Kristian Huselius        Jason Ward               30     1   2  2  
 3 Andrew Ebbett            Sergei Brylin            Justin Williams          20     1   2  2  
 4 Greg Campbell            Michael Frolik           Vincent Lecavalier       10     1   2  2  

5 vs 5 Defense 
   Defense                  Defense                                           Time % Phy DF OF 
 1 Derek Morris             Kevin Bieksa                                      40     1   2  2  
 2 Brad Stuart              Drew Fata                                         30     1   2  2  
 3 Nick Boynton             Jay Harrison                                      20     1   2  2  
 4 Shaone Morrisonn         Derek Morris                                      10     1   2  2  

PowerPlay Forward 
   Center                   Left Wing                Right Wing               Time % Phy DF OF 
 1 Vincent Lecavalier       David Booth              Glen Murray              60     1   2  2  
 2 Daymond Langkow          Kristian Huselius        Jason Ward               40     1   2  2  

PowerPlay Defense
   Defense                  Defense                                           Time % Phy DF OF 
 1 Derek Morris             Kevin Bieksa                                      60     1   2  2  
 2 Brad Stuart              Drew Fata                                         40     1   2  2  

Penalty Kill 4 Players Forward 
   Center                   Wing                     Time % Phy DF OF 
 1 Vincent Lecavalier       Glen Murray              60     1   2  2  
 2 David Booth              Daymond Langkow          40     1   2  2  

Penalty Kill 4 Players Defense
   Defense                  Defense                  Time % Phy DF OF 
 1 Derek Morris             Kevin Bieksa             60     1   2  2  
 2 Brad Stuart              Drew Fata                40     1   2  2  

Penalty Kill - 3 Players Forward 
   Forward                                           Time % Phy DF OF 
 1 Vincent Lecavalier                                60     1   2  2  
 2 Glen Murray                                       40     1   2  2  

Penalty Kill - 3 Players Defense
   Defense                  Defense                  Time % Phy DF OF 
 1 Derek Morris             Kevin Bieksa             60     1   2  2  
 2 Brad Stuart              Drew Fata                40     1   2  2  

4 vs 4 Forward 
   Center                   Wing                     Time % Phy DF OF 
 1 Vincent Lecavalier       Glen Murray              60     1   2  2  
 2 David Booth              Daymond Langkow          40     1   2  2  

4 vs 4 Defense
   Defense                  Defense                  Time % Phy DF OF 
 1 Derek Morris             Kevin Bieksa             60     1   2  2  
 2 Brad Stuart              Drew Fata                40     1   2  2  

Last Minutes Offensive
   Center                   Left Wing                Right Wing               Defense                  Defense                  
   Vincent Lecavalier       David Booth              Glen Murray              Derek Morris             Kevin Bieksa             

Last Minutes Defensive
   Center                   Left Wing                Right Wing               Defense                  Defense                  
   Vincent Lecavalier       David Booth              Glen Murray              Derek Morris             Kevin Bieksa             

Goaltenders
Starting : Brent Johnson            
Backup : Jaroslav Halak           

Extra Forwards
Normal : Andrew Ebbett, Greg Campbell, Sergei Brylin - PP : Andrew Ebbett, Greg Campbell - PK : Sergei Brylin
Extra Defensemen
Normal : Nick Boynton, Jay Harrison, Shaone Morrisonn - PP : Nick Boynton - PK : Jay Harrison, Shaone Morrisonn
Penalty Shots
Vincent Lecavalier, Glen Murray, David Booth, Daymond Langkow, Andrew Ebbett

Canadiens

5 vs 5 Forward 
   Center                   Left Wing                Right Wing               Time % Phy DF OF 
 1 Robert Nilsson           Donald Brashear          Marek Svatos             40     1   2  2  
 2 Viktor Kozlov            Tomas Holmstrom          Patrick Eaves            30     1   2  2  
 3 Alexei Yashin            Ryane Clowe              Richard Zednik           20     1   2  2  
 4 Tyler Arnason            Ryan Bayda               Michel Ouellet           10     1   2  2  

5 vs 5 Defense 
   Defense                  Defense                                           Time % Phy DF OF 
 1 Duncan Keith             Éric Desjardins                                   40     1   2  2  
 2 Shane O'Brien            Eric Cairns                                       30     1   2  2  
 3 Tomas Kloucek            Mark Stuart                                       20     1   2  2  
 4 Duncan Keith             Éric Desjardins                                   10     1   2  2  

PowerPlay Forward 
   Center                   Left Wing                Right Wing               Time % Phy DF OF 
 1 Robert Nilsson           Donald Brashear          Marek Svatos             60     1   2  2  
 2 Viktor Kozlov            Tomas Holmstrom          Patrick Eaves            40     1   2  2  

PowerPlay Defense
   Defense                  Defense                                           Time % Phy DF OF 
 1 Duncan Keith             Éric Desjardins                                   60     1   2  2  
 2 Shane O'Brien            Eric Cairns                                       40     1   2  2  

Penalty Kill 4 Players Forward 
   Center                   Wing                     Time % Phy DF OF 
 1 Robert Nilsson           Donald Brashear          60     1   2  2  
 2 Viktor Kozlov            Alexei Yashin            40     1   2  2  

Penalty Kill 4 Players Defense
   Defense                  Defense                  Time % Phy DF OF 
 1 Duncan Keith             Éric Desjardins          60     1   2  2  
 2 Shane O'Brien            Eric Cairns              40     1   2  2  

Penalty Kill - 3 Players Forward 
   Forward                                           Time % Phy DF OF 
 1 Robert Nilsson                                    60     1   2  2  
 2 Donald Brashear                                   40     1   2  2  

Penalty Kill - 3 Players Defense
   Defense                  Defense                  Time % Phy DF OF 
 1 Duncan Keith             Éric Desjardins          60     1   2  2  
 2 Shane O'Brien            Eric Cairns              40     1   2  2  

4 vs 4 Forward 
   Center                   Wing                     Time % Phy DF OF 
 1 Robert Nilsson           Donald Brashear          60     1   2  2  
 2 Viktor Kozlov            Alexei Yashin            40     1   2  2  

4 vs 4 Defense
   Defense                  Defense                  Time % Phy DF OF 
 1 Duncan Keith             Éric Desjardins          60     1   2  2  
 2 Shane O'Brien            Eric Cairns              40     1   2  2  

Last Minutes Offensive
   Center                   Left Wing                Right Wing               Defense                  Defense                  
   Robert Nilsson           Donald Brashear          Marek Svatos             Duncan Keith             Éric Desjardins          

Last Minutes Defensive
   Center                   Left Wing                Right Wing               Defense                  Defense                  
   Robert Nilsson           Donald Brashear          Marek Svatos             Duncan Keith             Éric Desjardins          

Goaltenders
Starting : Kari Lehtonen            
Backup : Mikael Tellqvist         

Extra Forwards
Normal : Tyler Arnason, Ryane Clowe, Ryan Bayda - PP : Tyler Arnason, Ryane Clowe - PK : Ryan Bayda
Extra Defensemen
Normal : Tomas Kloucek, Mark Stuart, Shane O'Brien - PP : Tomas Kloucek - PK : Mark Stuart, Shane O'Brien
Penalty Shots
Robert Nilsson, Donald Brashear, Viktor Kozlov, Alexei Yashin, Tomas Holmstrom

% Time on Ice - Blue Jackets

Lines # - Real PCT - Wanted PCT - Time Play
Normal Forward
1 - 29% - 40% - 10:49
2 - 32% - 30% - 12:10
3 - 26% - 20% - 9:56
4 - 13% - 10% - 4:49
Normal Defense
1 - 41% - 40% - 15:37
2 - 30% - 30% - 11:19
3 - 24% - 20% - 9:00
4 - 5% - 10% - 1:48
PP Forward
1 - 57% - 60% - 6:47
2 - 43% - 40% - 5:08
PP Defense
1 - 51% - 60% - 6:07
2 - 49% - 40% - 5:48
PK Forward
1 - 71% - 60% - 5:57
2 - 29% - 40% - 2:25
PK Defense
1 - 49% - 60% - 4:05
2 - 51% - 40% - 4:17
PK3 Forward
1 - 82% - 60% - 1:16
2 - 18% - 40% - 0:17
PK3 Defense
1 - 70% - 60% - 1:05
2 - 30% - 40% - 0:28
44 Forward
1 - 85% - 60% - 2:07
2 - 15% - 40% - 0:22
44 Defense
1 - 46% - 60% - 1:08
2 - 54% - 40% - 1:21
Last Minute Offensive  - 0:00
Last Minute Defensive  - 0:00
Total
Forward - 62:03
Defense - 62:03

% Time on Ice - Canadiens

Lines # - Real PCT - Wanted PCT - Time Play
Normal Forward
1 - 35% - 40% - 13:20
2 - 30% - 30% - 11:08
3 - 21% - 20% - 7:51
4 - 14% - 10% - 5:25
Normal Defense
1 - 43% - 40% - 16:17
2 - 32% - 30% - 11:54
3 - 23% - 20% - 8:31
4 - 3% - 10% - 1:02
PP Forward
1 - 51% - 60% - 4:16
2 - 49% - 40% - 4:06
PP Defense
1 - 52% - 60% - 4:23
2 - 48% - 40% - 3:59
PK Forward
1 - 76% - 60% - 9:02
2 - 24% - 40% - 2:53
PK Defense
1 - 54% - 60% - 6:29
2 - 46% - 40% - 5:26
PK3 Forward
1 - 0% - 60%
2 - 0% - 40%
PK3 Defense
1 - 0% - 60%
2 - 0% - 40%
44 Forward
1 - 76% - 60% - 3:03
2 - 24% - 40% - 0:59
44 Defense
1 - 62% - 60% - 2:29
2 - 38% - 40% - 1:33
Last Minute Offensive  - 0:00
Last Minute Defensive  - 0:00
Total
Forward - 62:03
Defense - 62:03

Play by Play

1st period


0:01 of 1st period - Donald Brashear wins face-off versus Vincent Lecavalier in neutral zone.
0:47 of 1st period - Snap shot by Andrew Ebbett.
0:47 of 1st period - Shot Blocked by Ryane Clowe.
1:24 of 1st period - Icing by Éric Desjardins.
1:25 of 1st period - Robert Nilsson wins face-off versus Daymond Langkow in Canadiens zone.
1:33 of 1st period - Minor Penalty to Shaone Morrisonn for Slashing.
1:34 of 1st period - Robert Nilsson wins face-off versus Vincent Lecavalier in Blue Jackets zone.
1:59 of 1st period - Kevin Bieksa is hit by Shane O'Brien and loses puck.
3:33 of 1st period - Penalty to Shaone Morrisonn is over, Shaone Morrisonn is back on ice.
4:08 of 1st period - Slapshot by Ryane Clowe.
4:08 of 1st period - Shot Misses the Net.
4:10 of 1st period - Slapshot by Mark Stuart.
4:10 of 1st period - Shot Misses the Net.
4:12 of 1st period - Slapshot by Tyler Arnason.
4:12 of 1st period - Shot Misses the Net.
5:48 of 1st period - Glen Murray is hit by Tomas Holmstrom and loses puck.
6:14 of 1st period - Daymond Langkow is hit by Tyler Arnason.
7:00 of 1st period - Robert Nilsson is hit by Brad Stuart and loses puck.
7:07 of 1st period - Drew Fata is hit by Donald Brashear and loses puck.
7:20 of 1st period - Sergei Brylin is hit by Tomas Holmstrom and loses puck.
7:51 of 1st period - Greg Campbell is hit by Shane O'Brien and loses puck.
7:55 of 1st period - Minor Penalty to Greg Campbell for Slashing.
7:56 of 1st period - Robert Nilsson wins face-off versus Vincent Lecavalier in Blue Jackets zone.
9:55 of 1st period - Penalty to Greg Campbell is over, Greg Campbell is back on ice.
10:17 of 1st period - Slapshot by Richard Zednik.
10:17 of 1st period - Stopped by Brent Johnson with a rebound.
11:01 of 1st period - Viktor Kozlov is hit by Kevin Bieksa.
12:35 of 1st period - Kristian Huselius is hit by Donald Brashear.
12:47 of 1st period - Marek Svatos is hit by Shaone Morrisonn and loses puck.
13:02 of 1st period - Wrist shot by Tomas Holmstrom.
13:02 of 1st period - Shot Misses the Net.
13:50 of 1st period - Snap shot by Viktor Kozlov.
13:50 of 1st period - Stopped by Brent Johnson with a rebound.
14:28 of 1st period - Michel Ouellet is hit by Jason Ward.
14:34 of 1st period - Tyler Arnason is hit by Daymond Langkow and loses puck.
15:09 of 1st period - Patrick Eaves is hit by Derek Morris and loses puck.
15:32 of 1st period - Wrist shot by Richard Zednik.
15:32 of 1st period - Stopped by Brent Johnson with a rebound.
15:46 of 1st period - Wrist shot by Daymond Langkow.
15:46 of 1st period - Stopped by Kari Lehtonen without a rebound.
15:47 of 1st period - Daymond Langkow wins face-off versus Robert Nilsson in Canadiens zone.
16:57 of 1st period - Wrist shot by Daymond Langkow.
16:57 of 1st period - Stopped by Kari Lehtonen without a rebound.
16:58 of 1st period - Vincent Lecavalier wins face-off versus Viktor Kozlov in Canadiens zone.
17:05 of 1st period - Wrist shot by Vincent Lecavalier.
17:05 of 1st period - Stopped by Kari Lehtonen with a rebound.
17:08 of 1st period - Minor Penalty to David Booth for Slashing.
17:09 of 1st period - Vincent Lecavalier wins face-off versus Viktor Kozlov in Blue Jackets zone.
17:20 of 1st period - Derek Morris is hit by Duncan Keith and loses puck.
18:21 of 1st period - Glen Murray is hit by Robert Nilsson and loses puck.
18:50 of 1st period - Off-side.
18:51 of 1st period - Robert Nilsson wins face-off versus Andrew Ebbett in neutral zone.
19:08 of 1st period - Penalty to David Booth is over, David Booth is back on ice.
19:18 of 1st period - Kevin Bieksa is hit by Richard Zednik and loses puck.
19:41 of 1st period - Wrist shot by Michael Frolik.
19:41 of 1st period - Shot Misses the Net.
19:51 of 1st period - Wrist shot by Donald Brashear.
19:51 of 1st period - Shot Blocked by Nick Boynton.

2nd period


0:01 of 2nd period - Robert Nilsson wins face-off versus Vincent Lecavalier in neutral zone.
0:09 of 2nd period - Icing by Vincent Lecavalier.
0:10 of 2nd period - Vincent Lecavalier wins face-off versus Donald Brashear in Blue Jackets zone.
0:31 of 2nd period - Snap shot by Marek Svatos.
0:31 of 2nd period - Shot Misses the Net.
0:43 of 2nd period - Duncan Keith is hit by Vincent Lecavalier and loses puck.
0:52 of 2nd period - Snap shot by Glen Murray.
0:52 of 2nd period - Stopped by Kari Lehtonen with a rebound.
0:54 of 2nd period - Slapshot by Kevin Bieksa.
0:54 of 2nd period - Stopped by Kari Lehtonen without a rebound.
0:55 of 2nd period - Daymond Langkow wins face-off versus Viktor Kozlov in Canadiens zone.
0:59 of 2nd period - Minor Penalty to Patrick Eaves for Roughing.
1:00 of 2nd period - Robert Nilsson wins face-off versus Vincent Lecavalier in Canadiens zone.
1:09 of 2nd period - Duncan Keith is hit by Kevin Bieksa and loses puck.
1:46 of 2nd period - Eric Cairns is hit by Kristian Huselius and loses puck.
2:59 of 2nd period - Penalty to Patrick Eaves is over, Patrick Eaves is back on ice.
3:11 of 2nd period - Off-side.
3:12 of 2nd period - Andrew Ebbett wins face-off versus Viktor Kozlov in neutral zone.
3:21 of 2nd period - Snap shot by Justin Williams.
3:21 of 2nd period - Deflect By Andrew Ebbett.
3:21 of 2nd period - Shot Misses the Net.
3:21 of 2nd period - Puck is out of play.
3:22 of 2nd period - Viktor Kozlov wins face-off versus Andrew Ebbett in Canadiens zone.
3:35 of 2nd period - Snap shot by Viktor Kozlov.
3:35 of 2nd period - Deflect By Tomas Holmstrom.
3:35 of 2nd period - Stopped by Brent Johnson without a rebound.
3:36 of 2nd period - David Booth wins face-off versus Marek Svatos in Blue Jackets zone.
3:43 of 2nd period - Off-side.
3:44 of 2nd period - Robert Nilsson wins face-off versus Vincent Lecavalier in neutral zone.
4:20 of 2nd period - Wrist shot by Vincent Lecavalier.
4:20 of 2nd period - Shot Blocked by Duncan Keith.
4:22 of 2nd period - Slapshot by Glen Murray.
4:22 of 2nd period - Goal by Glen Murray - Blue Jackets : 1 - Canadiens : 0.
4:23 of 2nd period - Daymond Langkow wins face-off versus Viktor Kozlov in neutral zone.
4:28 of 2nd period - Slapshot by Jason Ward.
4:28 of 2nd period - Shot Misses the Net.
4:30 of 2nd period - Slapshot by Kevin Bieksa.
4:30 of 2nd period - Stopped by Kari Lehtonen without a rebound.
4:31 of 2nd period - Kristian Huselius wins face-off versus Viktor Kozlov in Canadiens zone.
4:39 of 2nd period - Off-side.
4:40 of 2nd period - Robert Nilsson wins face-off versus Vincent Lecavalier in neutral zone.
4:44 of 2nd period - Off-side.
4:45 of 2nd period - Vincent Lecavalier wins face-off versus Robert Nilsson in neutral zone.
4:52 of 2nd period - Snap shot by Glen Murray.
4:52 of 2nd period - Goal by Glen Murray - Blue Jackets : 2 - Canadiens : 0.
4:53 of 2nd period - Robert Nilsson wins face-off versus David Booth in neutral zone.
5:53 of 2nd period - Andrew Ebbett is hit by Éric Desjardins and loses puck.
5:57 of 2nd period - Double Minor Penalty to Patrick Eaves for Roughing.
5:58 of 2nd period - Robert Nilsson wins face-off versus Vincent Lecavalier in Canadiens zone.
7:51 of 2nd period - Drew Fata is hit by Robert Nilsson and loses puck.
9:29 of 2nd period - Ryan Bayda is hit by Andrew Ebbett and loses puck.
9:57 of 2nd period - Penalty to Patrick Eaves is over, Patrick Eaves is back on ice.
11:28 of 2nd period - Andrew Ebbett is hit by Tyler Arnason and loses puck.
11:56 of 2nd period - Michael Frolik is hit by Ryan Bayda and loses puck.
12:24 of 2nd period - Minor Penalty to Drew Fata for Roughing.
12:25 of 2nd period - Marek Svatos wins face-off versus Vincent Lecavalier in Blue Jackets zone.
12:40 of 2nd period - Glen Murray is hit by Duncan Keith and loses puck.
13:07 of 2nd period - Brad Stuart is hit by Eric Cairns and loses puck.
13:14 of 2nd period - Wrist shot by Marek Svatos.
13:14 of 2nd period - Stopped by Brent Johnson with a rebound.
14:24 of 2nd period - Penalty to Drew Fata is over, Drew Fata is back on ice.
14:47 of 2nd period - Wrist shot by Kristian Huselius.
14:47 of 2nd period - Shot Blocked by Tomas Kloucek.
15:14 of 2nd period - Andrew Ebbett is hit by Duncan Keith and loses puck.
15:28 of 2nd period - Off-side.
15:29 of 2nd period - Alexei Yashin wins face-off versus Daymond Langkow in neutral zone.
15:34 of 2nd period - Slapshot by Éric Desjardins.
15:34 of 2nd period - Shot Blocked by Brad Stuart.
16:20 of 2nd period - Slapshot by Ryane Clowe.
16:20 of 2nd period - Shot Misses the Net.
16:26 of 2nd period - Wrist shot by Andrew Ebbett.
16:26 of 2nd period - Stopped by Kari Lehtonen with a rebound.
16:28 of 2nd period - Slapshot by Jay Harrison.
16:28 of 2nd period - Shot Hit the Post.
16:39 of 2nd period - Off-side.
16:40 of 2nd period - Viktor Kozlov wins face-off versus Daymond Langkow in neutral zone.
16:43 of 2nd period - Jason Ward is hit by Patrick Eaves.
16:49 of 2nd period - Slapshot by Jason Ward.
16:49 of 2nd period - Stopped by Kari Lehtonen with a rebound.
17:15 of 2nd period - Wrist shot by Kristian Huselius.
17:15 of 2nd period - Deflect By Daymond Langkow.
17:15 of 2nd period - Stopped by Kari Lehtonen with a rebound.
17:17 of 2nd period - Slapshot by Kevin Bieksa.
17:17 of 2nd period - Shot Blocked by Patrick Eaves.
17:19 of 2nd period - Wrist shot by Derek Morris.
17:19 of 2nd period - Stopped by Kari Lehtonen with a rebound.
17:21 of 2nd period - Backhand shot by Kevin Bieksa.
17:21 of 2nd period - Shot Blocked by Duncan Keith.
17:23 of 2nd period - Slapshot by Kevin Bieksa.
17:23 of 2nd period - Shot Blocked by Éric Desjardins.
17:27 of 2nd period - Snap shot by Kristian Huselius.
17:27 of 2nd period - Stopped by Kari Lehtonen with a rebound.
17:29 of 2nd period - Slapshot by Derek Morris.
17:29 of 2nd period - Shot Misses the Net.
17:31 of 2nd period - Wrist shot by Daymond Langkow.
17:31 of 2nd period - Stopped by Kari Lehtonen with a rebound.
17:33 of 2nd period - Slapshot by Derek Morris.
17:33 of 2nd period - Shot Blocked by Tomas Holmstrom.
17:35 of 2nd period - Snap shot by Daymond Langkow.
17:35 of 2nd period - Shot Blocked by Duncan Keith.
17:37 of 2nd period - Wrist shot by Jason Ward.
17:37 of 2nd period - Shot Hit the Post.
17:39 of 2nd period - Snap shot by Kristian Huselius.
17:39 of 2nd period - Stopped by Kari Lehtonen without a rebound.
17:40 of 2nd period - Vincent Lecavalier wins face-off versus Robert Nilsson in Canadiens zone.
17:48 of 2nd period - Minor Penalty to Robert Nilsson for Hooking.
17:49 of 2nd period - Ryan Bayda wins face-off versus Vincent Lecavalier in Canadiens zone.
18:02 of 2nd period - Snap shot by Glen Murray.
18:02 of 2nd period - Stopped by Kari Lehtonen with a rebound.
18:04 of 2nd period - Wrist shot by Glen Murray.
18:04 of 2nd period - Stopped by Kari Lehtonen with a rebound.
18:14 of 2nd period - Éric Desjardins is hit by Kristian Huselius and loses puck.
19:48 of 2nd period - Penalty to Robert Nilsson is over, Robert Nilsson is back on ice.

3rd period


0:01 of 3rd period - Vincent Lecavalier wins face-off versus Robert Nilsson in neutral zone.
0:28 of 3rd period - Snap shot by Tomas Holmstrom.
0:28 of 3rd period - Shot Misses the Net.
0:30 of 3rd period - Backhand shot by Tomas Holmstrom.
0:30 of 3rd period - Shot Misses the Net.
0:32 of 3rd period - Slapshot by Eric Cairns.
0:32 of 3rd period - Shot Misses the Net.
0:36 of 3rd period - Snap shot by Viktor Kozlov.
0:36 of 3rd period - Deflect By Tomas Holmstrom.
0:36 of 3rd period - Shot Misses the Net.
0:36 of 3rd period - Puck is out of play.
0:37 of 3rd period - Robert Nilsson wins face-off versus Jason Ward in Blue Jackets zone.
0:38 of 3rd period - Snap shot by Marek Svatos.
0:38 of 3rd period - Stopped by Brent Johnson without a rebound.
0:39 of 3rd period - Robert Nilsson wins face-off versus Jason Ward in Blue Jackets zone.
1:01 of 3rd period - Minor Penalty to Tomas Holmstrom for Hooking.
1:02 of 3rd period - Vincent Lecavalier wins face-off versus Robert Nilsson in Canadiens zone.
1:34 of 3rd period - Slapshot by Viktor Kozlov.
1:34 of 3rd period - Shot Blocked by Brad Stuart.
1:57 of 3rd period - Wrist shot by Kristian Huselius.
1:57 of 3rd period - Deflect By Jason Ward.
1:57 of 3rd period - Shot Misses the Net.
1:57 of 3rd period - Puck is out of play.
1:58 of 3rd period - Daymond Langkow wins face-off versus Viktor Kozlov in Canadiens zone.
2:03 of 3rd period - Snap shot by Daymond Langkow.
2:03 of 3rd period - Stopped by Kari Lehtonen without a rebound.
2:04 of 3rd period - Vincent Lecavalier wins face-off versus Robert Nilsson in Canadiens zone.
2:31 of 3rd period - Slapshot by Viktor Kozlov.
2:31 of 3rd period - Stopped by Brent Johnson without a rebound.
2:32 of 3rd period - Daymond Langkow wins face-off versus Viktor Kozlov in Blue Jackets zone.
2:37 of 3rd period - Snap shot by Alexei Yashin.
2:37 of 3rd period - Shot Misses the Net.
2:44 of 3rd period - Off-side.
2:45 of 3rd period - Robert Nilsson wins face-off versus Vincent Lecavalier in neutral zone.
3:01 of 3rd period - Penalty to Tomas Holmstrom is over, Tomas Holmstrom is back on ice.
3:04 of 3rd period - Snap shot by Tomas Holmstrom.
3:04 of 3rd period - Shot Blocked by Kevin Bieksa.
3:06 of 3rd period - Slapshot by Duncan Keith.
3:06 of 3rd period - Shot Misses the Net.
3:10 of 3rd period - Slapshot by Tomas Holmstrom.
3:10 of 3rd period - Stopped by Brent Johnson without a rebound.
3:11 of 3rd period - Viktor Kozlov wins face-off versus Daymond Langkow in Blue Jackets zone.
3:24 of 3rd period - Slapshot by Tomas Holmstrom.
3:24 of 3rd period - Shot Hit the Post.
3:26 of 3rd period - Snap shot by Tomas Holmstrom.
3:26 of 3rd period - Deflect By Viktor Kozlov.
3:26 of 3rd period - Shot Blocked by Brad Stuart.
3:26 of 3rd period - Puck is out of play.
3:27 of 3rd period - Vincent Lecavalier wins face-off versus Robert Nilsson in Blue Jackets zone.
3:41 of 3rd period - Slapshot by Glen Murray.
3:41 of 3rd period - Deflect By Vincent Lecavalier.
3:41 of 3rd period - Stopped by Kari Lehtonen without a rebound.
3:42 of 3rd period - Vincent Lecavalier wins face-off versus Robert Nilsson in Canadiens zone.
3:50 of 3rd period - Icing by Duncan Keith.
3:51 of 3rd period - Robert Nilsson wins face-off versus Vincent Lecavalier in Canadiens zone.
4:11 of 3rd period - Slapshot by Éric Desjardins.
4:11 of 3rd period - Deflect By Kevin Bieksa.
4:11 of 3rd period - Stopped by Brent Johnson without a rebound.
4:12 of 3rd period - Daymond Langkow wins face-off versus Viktor Kozlov in Blue Jackets zone.
4:12 of 3rd period - Daymond Langkow is hit by Shane O'Brien.
4:18 of 3rd period - Snap shot by Daymond Langkow.
4:18 of 3rd period - Deflect By Kristian Huselius.
4:18 of 3rd period - Shot Misses the Net.
4:18 of 3rd period - Puck is out of play.
4:19 of 3rd period - Viktor Kozlov wins face-off versus Daymond Langkow in Canadiens zone.
5:13 of 3rd period - Snap shot by Tyler Arnason.
5:13 of 3rd period - Stopped by Brent Johnson with a rebound.
5:15 of 3rd period - Wrist shot by Michel Ouellet.
5:15 of 3rd period - Deflect By Tyler Arnason.
5:15 of 3rd period - Shot Misses the Net.
5:15 of 3rd period - Puck is out of play.
5:16 of 3rd period - Tyler Arnason wins face-off versus Kristian Huselius in Blue Jackets zone.
5:17 of 3rd period - Wrist shot by Michel Ouellet.
5:17 of 3rd period - Goal by Michel Ouellet - Blue Jackets : 2 - Canadiens : 1.
5:18 of 3rd period - Robert Nilsson wins face-off versus Vincent Lecavalier in neutral zone.
5:44 of 3rd period - Minor Penalty to Duncan Keith for Hooking.
5:45 of 3rd period - Vincent Lecavalier wins face-off versus Robert Nilsson in Canadiens zone.
6:36 of 3rd period - Icing by Glen Murray.
6:37 of 3rd period - Viktor Kozlov wins face-off versus Vincent Lecavalier in Blue Jackets zone.
6:40 of 3rd period - Slapshot by Alexei Yashin.
6:40 of 3rd period - Stopped by Brent Johnson with a rebound.
7:22 of 3rd period - Snap shot by Alexei Yashin.
7:22 of 3rd period - Shot Misses the Net.
7:25 of 3rd period - Icing by Kristian Huselius.
7:26 of 3rd period - Viktor Kozlov wins face-off versus Daymond Langkow in Blue Jackets zone.
7:44 of 3rd period - Penalty to Duncan Keith is over, Duncan Keith is back on ice.
7:46 of 3rd period - Icing by Mark Stuart.
7:47 of 3rd period - Vincent Lecavalier wins face-off versus Robert Nilsson in Canadiens zone.
7:48 of 3rd period - Snap shot by Glen Murray.
7:48 of 3rd period - Shot Misses the Net.
8:35 of 3rd period - Justin Williams is hit by Ryan Bayda and loses puck.
9:14 of 3rd period - Slapshot by Andrew Ebbett.
9:14 of 3rd period - Deflect By Sergei Brylin.
9:14 of 3rd period - Shot Misses the Net.
9:14 of 3rd period - Puck is out of play.
9:15 of 3rd period - Glen Murray wins face-off versus Viktor Kozlov in Canadiens zone.
9:25 of 3rd period - Viktor Kozlov is hit by Glen Murray and loses puck.
9:30 of 3rd period - Snap shot by Vincent Lecavalier.
9:30 of 3rd period - Deflect By Tomas Holmstrom.
9:30 of 3rd period - Shot Misses the Net.
9:30 of 3rd period - Puck is out of play.
9:31 of 3rd period - Robert Nilsson wins face-off versus Daymond Langkow in Canadiens zone.
9:42 of 3rd period - Robert Nilsson is hit by Daymond Langkow and loses puck.
9:57 of 3rd period - Vincent Lecavalier is hit by Patrick Eaves and loses puck.
10:18 of 3rd period - Wrist shot by Vincent Lecavalier.
10:18 of 3rd period - Deflect By Ryane Clowe.
10:18 of 3rd period - Stopped by Kari Lehtonen without a rebound.
10:19 of 3rd period - Kristian Huselius wins face-off versus Richard Zednik in Canadiens zone.
10:44 of 3rd period - Wrist shot by Viktor Kozlov.
10:44 of 3rd period - Stopped by Brent Johnson without a rebound.
10:45 of 3rd period - Vincent Lecavalier wins face-off versus Tomas Holmstrom in Blue Jackets zone.
10:52 of 3rd period - Mark Stuart is hit by David Booth and loses puck.
11:09 of 3rd period - Vincent Lecavalier is hit by Viktor Kozlov and loses puck.
11:17 of 3rd period - Snap shot by Tomas Holmstrom.
11:17 of 3rd period - Shot Blocked by Drew Fata.
11:19 of 3rd period - Wrist shot by Patrick Eaves.
11:19 of 3rd period - Goal by Patrick Eaves - Blue Jackets : 2 - Canadiens : 2.
11:20 of 3rd period - Daymond Langkow wins face-off versus Robert Nilsson in neutral zone.
11:24 of 3rd period - Minor Penalty to Marek Svatos for Roughing.
11:24 of 3rd period - Minor Penalty to Jason Ward for Hooking.
11:25 of 3rd period - Robert Nilsson wins face-off versus Vincent Lecavalier in Canadiens zone.
11:57 of 3rd period - Glen Murray is hit by Donald Brashear and loses puck.
12:46 of 3rd period - Snap shot by Tyler Arnason.
12:46 of 3rd period - Shot Misses the Net.
12:48 of 3rd period - Slapshot by Shane O'Brien.
12:48 of 3rd period - Stopped by Brent Johnson with a rebound.
12:55 of 3rd period - Icing by Brad Stuart.
12:56 of 3rd period - Andrew Ebbett wins face-off versus Robert Nilsson in Blue Jackets zone.
13:24 of 3rd period - Penalty to Marek Svatos is over, Marek Svatos is back on ice.
13:24 of 3rd period - Penalty to Jason Ward is over, Jason Ward is back on ice.
13:29 of 3rd period - Marek Svatos is hit by Jason Ward and loses puck.
13:52 of 3rd period - Snap shot by Andrew Ebbett.
13:52 of 3rd period - Deflect By Sergei Brylin.
13:52 of 3rd period - Shot Misses the Net.
13:52 of 3rd period - Puck is out of play.
13:53 of 3rd period - Andrew Ebbett wins face-off versus Viktor Kozlov in Canadiens zone.
14:08 of 3rd period - Snap shot by Kevin Bieksa.
14:08 of 3rd period - Deflect By Justin Williams.
14:08 of 3rd period - Stopped by Kari Lehtonen with a rebound.
14:21 of 3rd period - Backhand shot by Justin Williams.
14:21 of 3rd period - Stopped by Kari Lehtonen without a rebound.
14:22 of 3rd period - Robert Nilsson wins face-off versus Vincent Lecavalier in Canadiens zone.
14:37 of 3rd period - Snap shot by Glen Murray.
14:37 of 3rd period - Stopped by Kari Lehtonen without a rebound.
14:38 of 3rd period - Viktor Kozlov wins face-off versus Daymond Langkow in Canadiens zone.
14:38 of 3rd period - Viktor Kozlov is hit by Daymond Langkow.
14:50 of 3rd period - Snap shot by Viktor Kozlov.
14:50 of 3rd period - Stopped by Brent Johnson with a rebound.
15:04 of 3rd period - David Booth is hit by Alexei Yashin and loses puck.
15:20 of 3rd period - Icing by Éric Desjardins.
15:21 of 3rd period - Justin Williams wins face-off versus Robert Nilsson in Canadiens zone.
15:56 of 3rd period - Wrist shot by Andrew Ebbett.
15:56 of 3rd period - Stopped by Kari Lehtonen with a rebound.
15:58 of 3rd period - Wrist shot by Sergei Brylin.
15:58 of 3rd period - Stopped by Kari Lehtonen without a rebound.
15:59 of 3rd period - Vincent Lecavalier wins face-off versus Alexei Yashin in Canadiens zone.
16:25 of 3rd period - Robert Nilsson is hit by Kristian Huselius and loses puck.
16:52 of 3rd period - Snap shot by Shane O'Brien.
16:52 of 3rd period - Shot Blocked by Daymond Langkow.
16:54 of 3rd period - Slapshot by Eric Cairns.
16:54 of 3rd period - Stopped by Brent Johnson with a rebound.
16:56 of 3rd period - Snap shot by Eric Cairns.
16:56 of 3rd period - Shot Misses the Net.
16:58 of 3rd period - Wrist shot by Shane O'Brien.
16:58 of 3rd period - Shot Misses the Net.
17:18 of 3rd period - Slapshot by Alexei Yashin.
17:18 of 3rd period - Stopped by Brent Johnson without a rebound.
17:19 of 3rd period - Andrew Ebbett wins face-off versus Alexei Yashin in Blue Jackets zone.
17:34 of 3rd period - Wrist shot by Ryane Clowe.
17:34 of 3rd period - Shot Blocked by Andrew Ebbett.
17:36 of 3rd period - Slapshot by Duncan Keith.
17:36 of 3rd period - Deflect By Andrew Ebbett.
17:36 of 3rd period - Stopped by Brent Johnson without a rebound.
17:37 of 3rd period - Vincent Lecavalier wins face-off versus Tyler Arnason in Blue Jackets zone.
17:37 of 3rd period - Vincent Lecavalier is hit by Duncan Keith.
18:15 of 3rd period - Wrist shot by Alexei Yashin.
18:15 of 3rd period - Shot Misses the Net.
18:46 of 3rd period - Icing by Marek Svatos.
18:47 of 3rd period - Vincent Lecavalier wins face-off versus Robert Nilsson in Canadiens zone.
18:48 of 3rd period - Snap shot by Glen Murray.
18:48 of 3rd period - Shot Misses the Net.
19:12 of 3rd period - Wrist shot by Marek Svatos.
19:12 of 3rd period - Shot Misses the Net.
19:26 of 3rd period - Wrist shot by Marek Svatos.
19:26 of 3rd period - Shot Misses the Net.
19:33 of 3rd period - Minor Penalty to Michael Frolik for Roughing.
19:34 of 3rd period - Vincent Lecavalier wins face-off versus Viktor Kozlov in Blue Jackets zone.
19:49 of 3rd period - Backhand shot by Duncan Keith.
19:49 of 3rd period - Shot Blocked by Drew Fata.

Overtime #1


0:01 of 1st overtime period - Vincent Lecavalier wins face-off versus Robert Nilsson in neutral zone.
0:39 of 1st overtime period - Slapshot by Duncan Keith.
0:39 of 1st overtime period - Shot Misses the Net.
1:17 of 1st overtime period - Slapshot by Eric Cairns.
1:17 of 1st overtime period - Stopped by Brent Johnson with a rebound.
1:33 of 1st overtime period - Penalty to Michael Frolik is over, Michael Frolik is back on ice.
1:33 of 1st overtime period - Drew Fata is hit by Viktor Kozlov.
1:43 of 1st overtime period - Snap shot by Sergei Brylin.
1:43 of 1st overtime period - Stopped by Kari Lehtonen without a rebound.
1:44 of 1st overtime period - Vincent Lecavalier wins face-off versus Robert Nilsson in Canadiens zone.
1:45 of 1st overtime period - Snap shot by Glen Murray.
1:45 of 1st overtime period - Stopped by Kari Lehtonen without a rebound.
1:46 of 1st overtime period - Vincent Lecavalier wins face-off versus Robert Nilsson in Canadiens zone.
1:47 of 1st overtime period - Snap shot by Glen Murray.
1:47 of 1st overtime period - Shot Misses the Net.
1:59 of 1st overtime period - Wrist shot by Glen Murray.
1:59 of 1st overtime period - Stopped by Kari Lehtonen without a rebound.
2:00 of 1st overtime period - Vincent Lecavalier wins face-off versus Robert Nilsson in Canadiens zone.
2:03 of 1st overtime period - Snap shot by Glen Murray.
2:03 of 1st overtime period - Goal by Glen Murray - Blue Jackets : 3 - Canadiens : 2.


Output by the SimonT Hockey Simulator (STHS) for François Prévost -- Original Page W3C XHTML 1.0 Valid
Hockey Simulator - Hockey Simulation - Hockey Manager